 Dungeon Crawl Stone Soup version 0.19-a0-1206-g6bcb79c (webtiles) character file.

102 Ferkelamun the Chopper (level 5, -5/41 HPs)
             Began as a Human Fighter on Aug 21, 2016.
             Slain by a gnoll
             ... wielding a +0 flail
              (11 damage)
             ... on level 3 of the Dungeon.
             The game lasted 00:02:27 (1511 turns).

Ferkelamun the Chopper (Human Fighter)              Turns: 1511, Time: 00:02:28

Health: -5/41      AC:  6    Str: 23    XL:     5   Next: 5%
Magic:  5/5        EV:  7    Int:  8    God:
Gold:   149        SH:  9    Dex: 12    Spells: 0 memorised, 4 levels left

rFire  . . .     SeeInvis .     a - +0 war axe
rCold  . . .     Gourm    .     b - +0 scale mail
rNeg   . . .     Faith    .     c - +0 shield
rPois  .         Spirit   .     (no helmet)
rElec  .         Dismiss  .     (no cloak)
rCorr  .         Reflect  .     (no gloves)
MR     .....     Harm     .     (no boots)
Stlth  ..........               (no amulet)
                                (no ring)
                                (no ring)

@: mighty
A: no striking features
a: no special abilities


You were on level 3 of the Dungeon.
You were not hungry.

You visited 1 branch of the dungeon, and saw 3 of its levels.

You collected 149 gold pieces.

Inventory:

Hand Weapons
 a - a +0 war axe (weapon)
Armour
 b - a +0 scale mail (worn)
 c - a +0 shield (worn)
Scrolls
 e - 2 scrolls of identify {unknown}
 i - a scroll of enchant weapon {unknown}
 j - a scroll of amnesia {unknown}
 k - 2 scrolls of random uselessness {unknown}
 l - a scroll of immolation {unknown}
Potions
 m - a potion of ambrosia {unknown}
 n - a potion of degeneration {unknown}
 o - a potion of brilliance {unknown}
 p - a potion of haste {unknown}
Comestibles
 f - a bread ration
 g - 2 chunks of flesh
 h - 2 meat rations


   Skills:
 - Level 3.0 Fighting
 * Level 4.8 Axes
 - Level 3.0 Armour
 - Level 3.0 Shields


You had 4 spell levels left.
You didn't know any spells.

Dungeon Overview and Level Annotations

Branches:
Dungeon (3/15)

Altars:
Trog

Annotations:
D:3 flowsnake's ghost, amateur HOFi


Message History

The gnoll hits you but does no damage. x2
You barely miss the gnoll. You hit the gnoll. You block the gnoll's attack.
The gnoll hits you with a flail. The gnoll hits you with a club.
You hit the gnoll.
The gnoll is lightly wounded.
You slash the gnoll!
You kill the gnoll!
You have reached level 5!
The gnoll hits you with a flail.
You hit the gnoll but do no damage.
The gnoll is lightly wounded.
The gnoll closely misses you. The gnoll hits you with a flail.
* * * LOW HITPOINT WARNING * * *
You barely miss the gnoll.
The gnoll is lightly wounded.
The gnoll hits you with a flail.
* * * LOW HITPOINT WARNING * * *
You feel very mighty all of a sudden. The gnoll hits you with a flail!
You die...

#
#...........)..#####
#.#####...))).......
#....<......####
....#.........#
..####.........# .
##.........#
#..........#
#..........#
#.###@.........#
#..)g........#.#
......)....#.####
...........#...
...............)
...........#####
.......?.=.#
...........#
........>..#


You could see a gnoll.

Vanquished Creatures
  3 adders (D:3)
  2 gnolls (D:3)
  2 dart slugs (D:2)
  A giant gecko (D:2)
  5 orcs (D:3)
  A ball python (D:2)
  A giant cockroach (D:2)
  8 goblins
  5 hobgoblins
  4 bats
  A giant newt (D:1)
  5 kobolds
  8 rats
46 creatures vanquished.

Notes
Turn   | Place    | Note
-------+----------+-------------------------------------------
     0 | D:1      | Ferkelamun the Human Fighter began the quest for the Orb.
     0 | D:1      | Reached XP level 1. HP: 18/18 MP: 1/1
   175 | D:1      | Reached XP level 2. HP: 17/24 MP: 2/2
   358 | D:1      | Reached skill level 3 in Axes
   512 | D:2      | Reached XP level 3. HP: 29/29 MP: 3/3
   515 | D:2      | Found a bloodstained altar of Trog.
   937 | D:3      | Reached skill level 4 in Axes
   937 | D:3      | Reached XP level 4. HP: 21/35 MP: 4/4
  1214 | D:3      | Noticed flowsnake's ghost (amateur HOFi)
  1507 | D:3      | Reached XP level 5. HP: 20/41 MP: 5/5
  1511 | D:3      | Slain by a gnoll

Vault maps used:
D:1:      minmay_arrival_doors, minmay_pentomino_p2
D:2:      trog_three_pillars_becter
D:3:      ecumenical_altar_1

Skill      XL: |  1  2  3 |
---------------+----------+-----
Axes           | 3 4 |  4.8
Fighting       | |  3.0
Armour         | |  3.0
Shields        | |  3.0

Action                   |  1- 3 |  4- 6 || total
-------------------------+-------+-------++-------
Melee: War axe           |   106 |    29 ||   135
  Use: Potion            |       |     2 ||     2
  Eat: Chunk             |       |     2 ||     2
Armor: Scale mail        |    47 |    13 ||    60
Dodge: Dodged            |    33 |    19 ||    52
Block: Shield            |    55 |    20 ||    75
